 Dungeon Crawl Stone Soup version 0.23-a0-714-g00c90a0c22 (webtiles) character file.

2204 Hercules1031 the Skirmisher (level 9, -1/66 HPs)
             Began as a Gnoll Wanderer on Jan 16, 2019.
             Slain by a gargoyle
             ... wielding a +0 morningstar
              (18 damage)
             ... on level 7 of the Dungeon.
             The game lasted 00:17:21 (6733 turns).

Hercules1031 the Skirmisher (Gnoll Wanderer)        Turns: 6733, Time: 00:17:21

Health: -1/66      AC: 15    Str: 18    XL:     9   Next: 34%
Magic:  15/15      EV: 12    Int: 15    God:
Gold:   123        SH:  5    Dex: 12    Spells: 16/16 levels left

rFire    + + .     SeeInvis .   p - +5 falchion (slice)
rCold    + . .     Gourm    .   c - +0 buckler
rNeg     . . .     Faith    .   a - +2 scale mail
rPois    .         Spirit   .   r - +2 helmet
rElec    .         Reflect  .   n - scarf {rC+ rF+}
rCorr    .         Harm     .   e - +1 pair of gloves
MR       .....     Clarity  +   (no boots)
Stlth    +.........             (no amulet)
HPRegen  0.00/turn              t - ring of protection from fire
MPRegen  0.14/turn              (no ring)

@: about to teleport
A: distributed training, fangs 1, clarity, frail 1, sense surroundings 1,
inhibited regeneration, weak 1, strong nose
a: no special abilities


You were on level 7 of the Dungeon.
You were full.

You visited 1 branch of the dungeon, and saw 7 of its levels.

You collected 273 gold pieces.
You spent 150 gold pieces at shops.

Inventory:

Hand Weapons
 j - a +0 short sword of draining
 p - a +5 falchion of slicing (weapon)
Armour
 a - a +2 scale mail (worn)
 c - a +0 buckler (worn)
 e - a +1 pair of gloves (worn)
 n - a scarf of resistance (worn)
 r - a +2 helmet (worn)
Jewellery
 o - an uncursed amulet of the gourmand
 t - a ring of protection from fire (left hand)
Wands
 k - a wand of paralysis (14)
Scrolls
 b - 3 scrolls of teleportation
 d - 4 scrolls of enchant weapon {unknown}
 f - a scroll of blinking {unknown}
 m - a scroll of amnesia
 q - 4 scrolls of remove curse
Comestibles
 g - 2 rations


   Skills:
 + Level 7.8 Fighting
 + Level 4.0 Short Blades
 + Level 4.9 Long Blades
 + Level 4.0 Axes
 + Level 4.0 Maces & Flails
 + Level 4.0 Polearms
 + Level 4.0 Staves
 + Level 4.0 Slings
 + Level 4.0 Bows
 + Level 4.9 Crossbows
 + Level 4.0 Throwing
 + Level 6.2 Armour
 + Level 4.9 Dodging
 + Level 4.0 Stealth
 + Level 4.9 Shields
 + Level 4.0 Unarmed Combat
 + Level 4.0 Spellcasting
 + Level 3.3 Conjurations
 + Level 3.3 Hexes
 + Level 3.3 Charms
 + Level 3.3 Summonings
 + Level 3.3 Necromancy
 + Level 3.3 Translocations
 + Level 3.3 Transmutations
 + Level 3.3 Fire Magic
 + Level 3.3 Ice Magic
 + Level 3.3 Air Magic
 + Level 3.3 Earth Magic
 + Level 3.3 Poison Magic
 + Level 4.5 Invocations
 + Level 4.9 Evocations


You had 16 spell levels left.
You didn't know any spells.
Your spell library contained the following spells:

 Spells                   Type           Power        Failure   Level  Hunger
 Beastly Appendage        Tmut           ##....       13%         1    None
 Flame Tongue             Conj/Fire      ##...        13%         1    None
 Sticks to Snakes         Tmut           ##......     21%         2    ##.....
 Throw Flame              Conj/Fire      ##....       21%         2    ##.....
 Conjure Flame            Conj/Fire      ##......     36%         3    ###....
 Inner Flame              Hex/Fire       ##......     36%         3    ###....
 Spider Form              Tmut/Pois      ##........   36%         3    ###....
 Ice Form                 Ice/Tmut       ##......     78%         4    ####...
 Sticky Flame             Conj/Fire      ##......     78%         4    ####...
 Blade Hands              Tmut           ##........   98%         5    ######.
 Fireball                 Conj/Fire      ##........   98%         5    ######.


Dungeon Overview and Level Annotations

Branches:
Dungeon (7/15)
 Temple: D:4-7

Altars:
Hepliaklqana
Qazlal
Uskayaw
Wu Jian
Xom
The Shining One

Shops:
D:4 (


Innate Abilities, Weirdness & Mutations

Your experience applies equally to all skills.
You have very sharp teeth.
Your uncanny sense of smell can sniff out nearby items.
You possess an exceptional clarity of mind.
You are frail. (-10% HP)
You passively map a small area around you.
You do not regenerate when monsters are visible.
You are weak. (Str -2)


Message History

The gargoyle is moderately damaged.
You hit the gargoyle.
The gargoyle is heavily damaged.
The gargoyle barely misses you.
You riposte.
You hit the gargoyle but do no damage.
The gargoyle is heavily damaged.
You hit the gargoyle but do no damage.
The gargoyle is heavily damaged.
The gargoyle hurls a stone arrow at you.
The stone arrow hits you!
You hit the gargoyle.
You bite the gargoyle, but do no damage.
The gargoyle is heavily damaged.
The gargoyle hits you with a +0 morningstar!
* * * LOW HITPOINT WARNING * * *
You aren't carrying any potions.
As you read the scroll of teleportation, it crumbles to dust.
You feel strangely unstable.
The gargoyle hits you with a +0 morningstar!!
You die...

* , ,* ##)## *#. * #...## #..* ,
* #.#.#.##### #.# ,*#. ##+##
#.#.......# #.# #.
##...###,###.###.# #.#
#.##.....###...####.# #.## *
*.........######.##.### #.##
#.........####.......#####.#. ,
+.........'9@................
.####.........####.......#####.#.
....)[)......# ##......#..[....
#####)#..>..## ##.....#.###.##
#.##...## ###.###....... *
#.###'## #.# #..##..# , #.# #.#
#.# #..###.# * #.#
#.############.# #..)....
#.###.##...........# ##......


You could see a gargoyle.

Vanquished Creatures
  A troll (D:6)
  The ghost of hemabe the Charlatan, an amateur HuAr (D:4)
  Eustachio (D:6)
  A water moccasin (D:6)
  2 orc warriors (D:5)
  2 ice beasts
  A black bear (D:7)
  An ogre (D:4)
  A big kobold (D:7)
  2 bullfrogs (D:7)
  A howler monkey (D:2)
  3 crimson imps
  A quasit (D:5)
  A hound (D:7)
  A centaur skeleton (D:6)
  A jelly (D:7)
  2 orc priests
  A bullfrog skeleton (D:5)
  3 orc wizards
  Jessica (D:2)
  Terence (D:3)
  An iguana (D:4)
  4 worker ants
  2 hound skeletons (D:6)
  Robin (D:4)
  3 adders
  A shadow imp (D:7)
  An ooze (D:1)
  An adder zombie (D:6)
  2 adder skeletons
  3 worms
  A dart slug (D:3)
  6 leopard geckos
  20 orcs
  4 bats
  4 giant cockroaches
  11 goblins
  11 hobgoblins
  4 jackals (D:4)
  10 kobolds
  2 quokkas
  A ball python (D:3)
  A ball python skeleton (D:4)
  5 frilled lizards
  4 rats
132 creatures vanquished.

Vanquished Creatures (others)
  A plant (D:7)
1 creature vanquished.

Grand Total: 133 creatures vanquished

Notes
Turn   | Place    | Note
-------+----------+-------------------------------------------
     0 | D:1      | Hercules1031 the Gnoll Wanderer began the quest for the
                  | Orb.
     0 | D:1      | Hercules1031 set off with the following items: a +2 scale
                  | mail, a scroll of teleportation, a +0 buckler, a +0 club, a
                  | ration
     0 | D:1      | Reached XP level 1. HP: 23/23 MP: 2/2
   219 | D:1      | Reached XP level 2. HP: 29/29 MP: 3/3
   694 | D:2      | Noticed a howler monkey
   707 | D:2      | Killed a howler monkey
   707 | D:2      | Reached skill level 1 in Invocations
   707 | D:2      | Reached XP level 3. HP: 32/35 MP: 4/4
   851 | D:2      | Noticed Jessica
   861 | D:2      | Killed Jessica
   861 | D:2      | Reached skill level 1 in Short Blades
   861 | D:2      | Reached skill level 1 in Axes
   861 | D:2      | Reached skill level 1 in Maces & Flails
   861 | D:2      | Reached skill level 1 in Polearms
   861 | D:2      | Reached skill level 1 in Staves
   861 | D:2      | Reached skill level 1 in Slings
   861 | D:2      | Reached skill level 1 in Bows
   861 | D:2      | Reached skill level 1 in Throwing
   861 | D:2      | Reached skill level 1 in Stealth
   861 | D:2      | Reached skill level 1 in Unarmed Combat
   861 | D:2      | Reached skill level 1 in Spellcasting
   861 | D:2      | Reached XP level 4. HP: 23/41 MP: 4/6
  1077 | D:2      | Reached skill level 1 in Conjurations
  1077 | D:2      | Reached skill level 1 in Hexes
  1077 | D:2      | Reached skill level 1 in Charms
  1077 | D:2      | Reached skill level 1 in Summonings
  1077 | D:2      | Reached skill level 1 in Necromancy
  1077 | D:2      | Reached skill level 1 in Translocations
  1077 | D:2      | Reached skill level 1 in Transmutations
  1077 | D:2      | Reached skill level 1 in Fire Magic
  1077 | D:2      | Reached skill level 1 in Ice Magic
  1077 | D:2      | Reached skill level 1 in Air Magic
  1077 | D:2      | Reached skill level 1 in Earth Magic
  1077 | D:2      | Reached skill level 1 in Poison Magic
  1242 | D:2      | Found a faded altar of an unknown god.
  1315 | D:2      | Found a hazy altar of Hepliaklqana.
  1730 | D:3      | Reached XP level 5. HP: 47/47 MP: 7/7
  1922 | D:3      | Found an ornate altar of the Wu Jian Council.
  2062 | D:3      | Noticed Terence
  2069 | D:3      | Killed Terence
  2077 | D:3      | Found a stormy altar of Qazlal.
  2399 | D:4      | Noticed an ogre
  2402 | D:4      | Gained mutation: Scrolls take you a little longer to read.
                  | [potion of mutation]
  2402 | D:4      | Gained mutation: Armour fits poorly on your strangely
                  | shaped body. [potion of mutation]
  2402 | D:4      | Gained mutation: Scrolls take you longer to read. [potion
                  | of mutation]
  2402 | D:4      | Gained mutation: You are robust. (+10% HP) [potion of
                  | mutation]
  2411 | D:4      | Killed an ogre
  2411 | D:4      | Reached XP level 6. HP: 23/58 MP: 8/8
  2592 | D:4      | Lost mutation: Scrolls take you longer to read. [potion of
                  | mutation]
  2592 | D:4      | Lost mutation: Scrolls take you a little longer to read.
                  | [potion of mutation]
  2592 | D:4      | Lost mutation: You are robust. (+10% HP) [potion of
                  | mutation]
  2592 | D:4      | Gained mutation: You are frail. (-10% HP) [potion of
                  | mutation]
  2592 | D:4      | Gained mutation: You possess an exceptional clarity of
                  | mind. [potion of mutation]
  2592 | D:4      | Gained mutation: You passively map a small area around you.
                  | [potion of mutation]
  2592 | D:4      | Gained mutation: Your muscles are strong. (Str +2) [potion
                  | of mutation]
  2593 | D:4      | Lost mutation: You are frail. (-10% HP) [potion of
                  | mutation]
  2593 | D:4      | Lost mutation: Your muscles are strong. (Str +2) [potion of
                  | mutation]
  2593 | D:4      | Lost mutation: Armour fits poorly on your strangely shaped
                  | body. [potion of mutation]
  2593 | D:4      | Lost mutation: You possess an exceptional clarity of mind.
                  | [potion of mutation]
  2593 | D:4      | Gained mutation: You are frail. (-10% HP) [potion of
                  | mutation]
  2593 | D:4      | Gained mutation: You are weak. (Str -2) [potion of
                  | mutation]
  2593 | D:4      | Gained mutation: You do not regenerate when monsters are
                  | visible. [potion of mutation]
  2593 | D:4      | Gained mutation: You possess an exceptional clarity of
                  | mind. [potion of mutation]
  2706 | D:4      | Noticed hemabe's ghost (amateur HuAr)
  2717 | D:4      | Found a runed door.
  2723 | D:4      | Found Oxim Bax's Antique Weapon Shop.
  2750 | D:4      | Bought a runed falchion for 150 gold pieces
  2763 | D:4      | Reached skill level 5 in Armour
  2814 | D:4      | Noticed Robin
  2847 | D:4      | Killed Robin
  3175 | D:4      | Killed hemabe's ghost
  3175 | D:4      | Reached skill level 7 in Fighting
  3175 | D:4      | Reached XP level 7. HP: 42/54 MP: 10/10
  3212 | D:5      | Entered Level 5 of the Dungeon
  3774 | D:5      | Reached XP level 8. HP: 60/60 MP: 12/12
  4507 | D:6      | Found a shimmering altar of Xom.
  4546 | D:6      | Found a shimmering altar of Xom.
  4548 | D:6      | Found a hide-covered altar of Uskayaw.
  4557 | D:6      | Noticed Eustachio
  4580 | D:6      | Killed Eustachio
  4965 | D:6      | Noticed a troll
  4974 | D:6      | Killed a troll
  4991 | D:6      | Reached XP level 9. HP: 15/64 MP: 14/14
  5415 | D:6      | Found a glowing golden altar of the Shining One.
  6185 | D:7      | HP: 2/65 [orc warrior/+2 war axe of chopping (4)]
  6719 | D:7      | Noticed a gargoyle
  6733 | D:7      | Slain by a gargoyle

Vault maps used:
D:1:      psy_arrival_dodecagon, bh_walls_and_bars
D:2:      lemuel_round_altar, serial_forest, infiniplex_forest_lined_1,
          infiniplex_forest_end_3, infiniplex_forest_end_2,
          infiniplex_forest_straight_2, infiniplex_forest_straight_3,
          infiniplex_forest_lined_room_3, infiniplex_forest_corner_1,
          infiniplex_forest_lined_room_2, infiniplex_forest_lined_room_3,
          chequers_ecumenical_altar_grove, minmay_misc_feat_diagonals,
          uniq_jessica
D:3:      marbit_many_paths, lemuel_crystal_altar, minmay_misc_feat_encased,
          uniq_terence
D:4:      hellmonk_ghost_happy_afterlife, serial_shops, shop_coins, uniq_robin
D:5:      first_ration
D:6:      tso_altar, chequers_temple_overflow_statue_of_worship,
          lemuel_round_altar, gammafunk_temple_overflow_wave,
          minmay_temple_entry_enclosed_plants, basic_altar, minmay_misc_feat_x,
          minmay_misc_feat_hallway, minmay_fractal_squares_gapless_5,
          uniq_eustachio
D:7:      grunt_temple_overflow_growth_and_decay, cheibriados_altar_1

Skill      XL: |  1  2  3  4  5  6  7  8  9 |
---------------+----------------------------+-----
Invocations    | 1 2 3 4 |  4.5
Short Blades   | 1 2 3 4 |  4.0
Axes           | 1 2 3 4 |  4.0
Maces & Flails | 1 2 3 4 |  4.0
Polearms       | 1 2 3 4 |  4.0
Staves         | 1 2 3 4 |  4.0
Slings         | 1 2 3 4 |  4.0
Bows           | 1 2 3 4 |  4.0
Throwing       | 1 2 3 4 |  4.0
Stealth        | 1 2 3 4 |  4.0
Unarmed Combat | 1 2 3 4 |  4.0
Spellcasting   | 1 2 3 4 |  4.0
Conjurations   | 1 2 3 |  3.3
Hexes          | 1 2 3 |  3.3
Charms         | 1 2 3 |  3.3
Summonings     | 1 2 3 |  3.3
Necromancy     | 1 2 3 |  3.3
Translocations | 1 2 3 |  3.3
Transmutations | 1 2 3 |  3.3
Fire Magic     | 1 2 3 |  3.3
Ice Magic      | 1 2 3 |  3.3
Air Magic      | 1 2 3 |  3.3
Earth Magic    | 1 2 3 |  3.3
Poison Magic   | 1 2 3 |  3.3
Long Blades    | 3 4 |  4.9
Crossbows      | 3 4 |  4.9
Dodging        | 3 4 |  4.9
Shields        | 3 4 |  4.9
Evocations     | 3 4 |  4.9
Armour         | 5 6 |  6.2
Fighting       | 7 |  7.8

Action                   |  1- 3 |  4- 6 |  7- 9 || total
-------------------------+-------+-------+-------++-------
Melee: Club              |    33 |       |       ||    33
       Bite              |     6 |    18 |    20 ||    44
       Short sword       |    24 |   158 |       ||   182
       Falchion          |       |    57 |   206 ||   263
  Use: Scroll            |     2 |    10 |     8 ||    20
       Potion            |       |     5 |    10 ||    15
 Stab: Invisible         |       |       |     3 ||     3
  Eat: Ration            |       |     3 |     4 ||     7
Armor: Scale mail        |    24 |   101 |    90 ||   215
Dodge: Dodged            |    36 |   130 |   103 ||   269
Block: Buckler           |    11 |    58 |    46 ||   115
       Rpst.: Falchion   |       |     5 |    27 ||    32

Table legend:
 A = Non-vault XP
 B = Vault XP
 C = Vault XP percentage of total XP
 D = Non-vault monster count
 E = Vault monster count
 F = Vault count percentage of total count
                 A         B        C        D         E       F
            +---------+---------+-------+---------+---------+-------
      Total |    2040 |    1109 |  35.2 |     108 |      24 |  18.2
            +---------+---------+-------+---------+---------+-------
        D:1 |      12 |       0 |   0.0 |       4 |       0 |   0.0
        D:2 |     112 |      37 |  24.8 |      18 |       1 |   5.3
        D:3 |      39 |      38 |  49.4 |      21 |       2 |   8.7
        D:4 |     298 |     312 |  51.1 |      17 |      14 |  45.2
        D:5 |     582 |       0 |   0.0 |      20 |       0 |   0.0
        D:6 |     201 |     722 |  78.2 |       2 |       7 |  77.8
        D:7 |     796 |       0 |   0.0 |      26 |       0 |   0.0
            +---------+---------+-------+---------+---------+-------
